 Dungeon Crawl Stone Soup version 0.31-a0-981-geadf994542 (webtiles) character file.

Game seed: 12068064735424054934

1778 Dirtsage the Insei (level 9, 0/90 HPs)
             Began as an Octopode Shapeshifter on Nov 1, 2023.
             Succumbed to a killer bee's poison
             ... on level 6 of the Dungeon.
             The game lasted 00:12:33 (4756 turns).

Dirtsage the Insei (Octopode Shapeshifter)          Turns: 4756, Time: 00:12:34

Health: 0/90       AC: 24    Str: 13    XL:     9   Next: 8%
Magic:  9/9        EV:  2    Int: 16    God:
Gold:   451        SH: 12    Dex: 22    Spells: 6/8 levels left

rFire   + + +        k - +6 trident of Kaaddis {speed, Int+7 Dex+3}
rCold   + + .        f - +2 shield of Resistance {rF++ rC++ Will++}
rNeg    . . .        (helmet currently unavailable)
rPois   +            g - amulet of faith
rElec   .            i - ring "Mofoajer" {rPois rF+ Will+ Int-3 Dex+3}
rCorr   .            (no ring)
SInv    .            (no ring)
Will    ++++.        (no ring)
Stlth   ++           (no ring)
HPRegen 0.35/turn    (no ring)
MPRegen 0.11/turn    (no ring)
                     (no ring)

%: faith
@: lethally poisoned (0 -> -6), tree-form, enlightened
A: stationary, stasis, torment immunity, boosted hp, almost no armour,
(amphibious), 8 rings, (camouflage 1), (gelatinous body 1), (nimble swimmer 1),
(tentacles)
a: no special abilities


You were on level 6 of the Dungeon.
You were a tree.
You visited 1 branch of the dungeon, and saw 7 of its levels.

You collected 451 gold pieces.

Inventory:

Hand Weapons
 k - the +6 trident of Kaaddis (weapon) {speed, Int+7 Dex+3}
   (You found it on level 2 of the Dungeon)

   Int+7:     It affects your intelligence (+7).
   Dex+3:     It affects your dexterity (+3).
Armour
 f - the +2 shield of Resistance (worn) {rF++ rC++ Will++}
   (You acquired it on level 5 of the Dungeon)

   rF++:      It greatly protects you from fire.
   rC++:      It greatly protects you from cold.
   Will++:    It greatly increases your willpower.
Magical Staves
 B - a staff of death
Jewellery
 g - an amulet of faith (around neck)
 i - the ring "Mofoajer" (left branch) {rPois rF+ Will+ Int-3 Dex+3}
   (You acquired it on level 5 of the Dungeon)

   [ring of poison resistance]

   Int-3:     It affects your intelligence (-3).
   Dex+3:     It affects your dexterity (+3).
   rF+:       It protects you from fire.
   rPois:     It protects you from poison Will+: It increases your willpower.
Talismans
 b - a beast talisman
 c - a flux talisman
 x - a granite talisman
 y - a serpent talisman
 A - a beast talisman
 C - a flux talisman
Wands
 o - a wand of charming (18)
 r - a wand of light (15)
Scrolls
 e - 2 scrolls of blinking {unknown}
 j - a scroll of revelation {unknown}
 n - 3 scrolls of enchant weapon
 s - 2 scrolls of noise {unknown}
 t - 2 scrolls of teleportation
 u - a scroll of immolation {unknown}
 v - a scroll of enchant armour {unknown}
 w - a scroll of fog {unknown}
 z - 2 scrolls of vulnerability
 D - a scroll of brand weapon {unknown}
Potions
 d - 2 potions of might
 h - 2 potions of haste
 l - 2 potions of heal wounds {unknown}
 m - 2 potions of enlightenment
 p - a potion of cancellation {unknown}


   Skills:
 + Level 4.9 Fighting
 - Level 2.0 Dodging
 + Level 1.7 Shields
 * Level 7.7 Unarmed Combat
 * Level 7.2 Shapeshifting


You had 6 spell levels left.
You knew the following spells:

 Your Spells              Type           Power      Damage    Failure   Level
w - Passwall              Tmut/Erth      0%         N/A       82%         2

Your spell library contained the following spells:

 Spells                   Type           Power      Damage    Failure   Level
 Magic Dart               Conj           0%         1d3       67%         1
 Call Imp                 Summ           0%         N/A       82%         2
 Ensorcelled Hibernation  Hex/Ice        0%         N/A       82%         2
 Hailstorm                Conj/Ice       0%         3d3       96%         3
 Inner Flame              Hex/Fire       0%         N/A       96%         3
 Mephitic Cloud           Conj/Pois/Air  0%         N/A       96%         3
 Swiftness                Air            0%         N/A       96%         3
 Flame Wave               Conj/Fire      0%         2d4       100%        4
 Sticky Flame             Conj/Fire      0%         2d3       100%        4
 Summon Ice Beast         Ice/Summ       0%         N/A       100%        4
 Alistair's Intoxication  Tmut/Pois      0%         N/A       100%        5
 Borgnjor's Vile Clutch   Necr/Erth      0%         N/A       100%        5
 Eringya's Noxious Bog    Tmut/Pois      0%         4d6       100%        6
 Simulacrum               Ice/Necr       0%         N/A       100%        6


Dungeon Overview and Level Annotations

Branches:
Dungeon (7/15)
 Temple: D:4-7

Altars:
Hepliaklqana
Nemelex Xobeh
Okawaru
Qazlal
Vehumet
Zin

Annotations:
D:5 dig talisman


Innate Abilities, Weirdness & Mutations

You are a tree.
Your roots penetrate the ground, keeping you stationary.
You cannot be teleported.
You are immune to unholy pain and torment.
Your maximum health is greatly increased.
You cannot wear most types of armour.
((You are amphibious.))
You can wear up to eight rings at the same time.
((Your skin changes colour to match your surroundings (Stealth+).))
((Your rubbery body absorbs attacks. (AC +1, EV +1)))
((You are camouflaged when in or above water. (Stealth+)))
((You have tentacles for arms and can constrict up to eight enemies at once.))


Message History

You are poisoned.
The killer bee poisons you! You block something's attack.
The killer bee barely misses you. The killer bee closely misses you.
The killer bee stings you.
* * * LOW HITPOINT WARNING * * *
You take 10 damage, and have 11/60 hp.
You feel better.
You constrict the killer bee.
You constrict the killer bee, but do no damage.
The killer bee stings you!
* * * LOW HITPOINT WARNING * * *
You block the killer bee's attack. x2; Something hits you.
* * * LOW HITPOINT WARNING * * *
The killer bee barely misses you. The killer bee misses you.
The killer bee stings you!
* * * LOW HITPOINT WARNING * * *
You take 5 damage, and have 6/60 hp.
Okay, then.
Your transformation has ended.
You turn into a tree.
Your roots penetrate the ground.
You lose your grip on the killer bee. x2
The killer bee stings you but does no damage. x2
You block the killer bee's attack. Something hits you but does no damage.
The killer bee stings you but does no damage.
You block the killer bee's attack. The killer bee stings you.
* * * LOW HITPOINT WARNING * * *
You now have 4/90 hp.
You hit the killer bee.
The killer bee is almost dead.
The killer bee stings you but does no damage. x3
Something hits you but does no damage. You block the killer bee's attack.
The killer bee stings you.
* * * LOW HITPOINT WARNING * * *
The killer bee stings you.
* * * LOW HITPOINT WARNING * * *
You are lethally poisoned!
The killer bee poisons you!
You take 2 damage, and have 2/90 hp.
It was a potion of enlightenment.
Your roots keep you in place.
Your attacks no longer feel as feeble.
You die...

..##.........##
..#8........(8###
..'.....).....'.#
###8.........8#.###
..##.........##...######
#####8.....8##..#......######
######.....##..#######.#....#
..##.##8[8##...{######......#
......##'##....y♣y..####....#
.###...........y##.## #.....#
.###..#.##.....###.# #.#####
......#.###.<.## #.# ##.#
..###.......### ##.###..#
..##..#..##..####..#.>.##
.....###.###......##.###
.................###.#
......##.####....###.#


You could see 3 killer bees.

Vanquished Creatures
  Grinder (D:3)
  Duvessa (D:5)
  An ice beast (D:6)
  An ogre (D:6)
  A centaur (D:4)
  3 phantoms
  A kobold brigand (D:3)
  A bullfrog (D:6)
  A scorpion (D:6)
  Dowan (D:5)
  A howler monkey (D:4)
  3 jellies
  A hound (D:6)
  A sleepcap (D:5)
  Jessica (D:3)
  3 iguanas
  Ijyb (D:5)
  Natasha (D:3)
  10 orc wizards
  7 adders
  A white imp (D:5)
  A worm (D:2)
  2 dart slugs
  22 orcs
  7 ball pythons
  5 endoplasms
  A giant cockroach (D:2)
  7 goblins
  11 hobgoblins
  6 jackals
  2 quokkas
  6 bats
  2 kobolds (D:5)
  3 rats
117 creatures vanquished.

Notes
Turn   | Place    | Note
-------+----------+-------------------------------------------
     0 | D:1      | Dirtsage the Octopode Shapeshifter began the quest for the
                  | Orb.
     0 | D:1      | Reached XP level 1. HP: 13/13 MP: 1/1
    32 | D:1      | Reached XP level 2. HP: 13/18 MP: 2/2
   860 | D:2      | Reached XP level 3. HP: 22/23 MP: 3/3
   988 | D:2      | Identified the +6 trident of Kaaddis {speed, Int+7 Dex+3}
  1413 | D:3      | Noticed Jessica
  1420 | D:3      | Killed Jessica
  1421 | D:3      | Reached XP level 4. HP: 29/29 MP: 4/4
  1421 | D:3      | Noticed Grinder
  1424 | D:3      | Paralysed by Grinder for 2 turns
  1430 | D:3      | Killed Grinder
  1431 | D:3      | Reached XP level 5. HP: 23/35 MP: 5/5
  1431 | D:3      | Reached XP level 6. HP: 27/41 MP: 6/6
  1528 | D:3      | Found a sparkling altar of Nemelex Xobeh.
  1775 | D:3      | Found a faded altar of an unknown god.
  1776 | D:3      | Found a hazy altar of Hepliaklqana.
  1784 | D:3      | Reached skill level 5 in Unarmed Combat
  1887 | D:3      | Noticed Natasha
  1893 | D:3      | Killed Natasha
  2073 | D:4      | Reached skill level 5 in Shapeshifting
  2267 | D:4      | Found a stormy altar of Qazlal.
  2276 | D:4      | Reached XP level 7. HP: 46/46 MP: 7/7
  2720 | D:5      | Entered Level 5 of the Dungeon
  2720 | D:5      | Noticed Ijyb
  2726 | D:5      | Killed Ijyb
  2924 | D:5      | Learned a level 2 spell: Passwall
  3027 | D:5      | Found an iron altar of Okawaru.
  3122 | D:5      | Found a radiant altar of Vehumet.
  3199 | D:5      | Reached XP level 8. HP: 54/54 MP: 8/8
  3412 | D:5      | Noticed Dowan
  3422 | D:5      | Noticed Duvessa
  3440 | D:5      | Killed Duvessa
  3444 | D:5      | Killed Dowan
  4120 | D:5      | Identified 2 scrolls of acquirement
  4120 | D:5      | Acquired the +2 shield of Resistance {rF++ rC++ Will++}
  4120 | D:5      | Found the +2 shield of Resistance {rF++ rC++ Will++}
  4121 | D:5      | Acquired the ring "Mofoajer" {rPois rF+ Will+ Int-3 Dex+3}
  4277 | D:6      | Reached skill level 1 in Shields
  4384 | D:6      | Found a glowing silver altar of Zin.
  4426 | D:6      | Reached XP level 9. HP: 60/60 MP: 9/9
  4754 | D:6      | HP: 4/90 [killer bee (5)]
  4756 | D:6      | Succumbed to a killer bee's poison

Illustrated notes

Levels and vault maps discovered:
D:1:      lightli_iron_boxes, layout_loops_cross, minmay_misc_feat_tiny
D:2:      layout_loops_ring
D:3:      layout_basic, beargit_hepliaklqana_dungeon_heroes,
          mainiacjoe_overflow_concentric_impassable, uniq_natasha, uniq_jessica,
          uniq_grinder
D:4:      layout_gridville, kennysheep_little_box, serial_bayou,
          serial_bayou_pond_e, serial_bayou_shore_a, serial_bayou_pond_c,
          serial_bayou_pond_a, st_stairs_13
D:5:      corexii_shack_village, layout_loops_corners, general_overflow_altar,
          nicolae_vehumet_radiance, serial_glass, glass_columns_b,
          glass_columns_a, minmay_strange_pillars, minmay_strange_pillars,
          due_unseen_surprise, feat_on_display,
          minmay_a_box_with_orc_wizards_in_it, uniq_ijyb, uniq_duvessa
D:6:      layout_rooms, mainiacjoe_overflow_alcove_2, dk_noncrumbling_4,
          eino_small_chamber_without_monster
D:7:      layout_cave_pools, mainiacjoe_overflow_catwalk, lemuel_doored_altar,
          lemuel_coloured_pillars_altar, old_standard_altar,
          kiku_gazebo_garden_becter, mainiacjoe_overflow_chevrons,
          minmay_temple_entry_drinking_statues, serial_shops, shop,
          enter_bailey_7

Skill      XL: |  1  2  3  4  5  6  7  8 |
---------------+-------------------------+-----
Fighting       | 2 3 4 |  4.9
Unarmed Combat | 4 5 6 7 |  7.7
Shapeshifting  | 4 5 7 |  7.2
Shields        | 1 |  1.7
Dodging        | |  2.0

Action                     |  1- 3 |  4- 6 |  7- 9 || total
---------------------------+-------+-------+-------++-------
  Melee: Unarmed           |    41 |       |       ||    41
         Constrict         |    16 |     9 |    23 ||    48
         Tentacles         |    11 |     4 |    20 ||    35
         Punch             |     1 |     1 |     3 ||     5
         Trident           |    18 |    63 |   139 ||   220
   Cast: Passwall          |       |       |     2 ||     2
  Evoke: Wand              |       |       |     1 ||     1
    Use: Scroll            |       |       |     7 ||     7
         Potion            |       |       |     7 ||     7
   Stab: Sleeping          |     7 |     4 |    11 ||    22
         Distracted        |       |     3 |       ||     3
 Armour: Skin              |    19 |     7 |    75 ||   101
  Dodge: Dodged            |    24 |    17 |    41 ||    82
  Block: Kite shield       |       |       |    21 ||    21

Table legend: (Time is in decaauts)
 A = Elapsed time spent in this place.
 B = Non-inter-level travel time spent in this place.
 C = Inter-level travel time spent in this place.
 D = Time resting spent in this place.
 E = Time spent auto-exploring this place.
 F = Levels seen in this place.
 G = Mean time per level.
                   A        B        C        D        E       F      G
               +--------+--------+--------+--------+--------+-----+--------+
         Total |   4727 |   4530 |    197 |      0 |   3739 |   7 |  675.3 |
       Dungeon |   4727 |   4530 |    197 |      0 |   3739 |   7 |  675.3 |
               +--------+--------+--------+--------+--------+-----+--------+

Top non-repeatable levels by time:
     D:5: 1416 daAuts
     D:1: 746 daAuts
     D:4: 706 daAuts
     D:2: 654 daAuts
     D:6: 603 daAuts
     D:3: 593 daAuts
     D:7: 7 daAuts
